 Dungeon Crawl Stone Soup version 0.29.1-13-g9f3cf754e1 (webtiles) character file.

Game seed: 14829605728883259581

592037 cheesebisquit the Conqueror (level 26, -26/239 HPs)
             Began as a Minotaur Hunter on Jan 31, 2023.
             Was an Elder of Okawaru.
             Killed from afar by an orb of fire (34 damage)
             ... with a fireball
             ... on level 5 of the Realm of Zot.
             The game lasted 04:51:54 (79673 turns).

cheesebisquit the Conqueror (Minotaur Hunter)      Turns: 79673, Time: 04:51:54

Health: -26/239    AC: 29    Str: 21    XL:     26   Next: 24%
Magic:  23/26      EV: 35    Int:  7    God:    Okawaru [****..]
Gold:   5295       SH:  0    Dex: 32    Spells: 25/25 levels left

rFire   . . .      SeeInvis +   a - +5 triple crossbow of Tenacity {vorpal, +Blink rN+}
rCold   + . .      Faith    .   (shield currently unavailable)
rNeg    + + +      Spirit   .   H - +1 plate armour "Zilov" {rN++ Dex+5}
rPois   +          Reflect  .   Y - +2 hat of Kytie {Harm rPois rC+ Int+4}
rElec   +          Harm     +   q - +1 cloak of Starlight {*Dazzle EV+4 Stlth--}
rCorr   .          Rampage  .   h - +0 pair of gloves "Cutor" {Slay+3}
Will    ++++.      Rage     53% K - +2 pair of boots "Tod Anwi" {Drain rElec rN+}
Stlth   ..........              Z - necklace of Bloodlust {*Rage Will++ Int-3 Slay+6}
HPRegen 0.49/turn               p - ring "Gelidghy" {rF+ SInv}
MPRegen 0.20/turn               t - ring of Joolilufio {*Slow rN+ Will+ Str+4 Dex+2}

@: about to teleport, heroic, finesse-ful, fire vulnerable, studying Shields,
unable to read, unable to drink
A: horns 2, retaliatory headbutt, berserk 1, deformed body, deterioration 2,
frail 1, low MP 1, inability to read after injury 1
}: 3/15 runes: decaying, serpentine, silver
a: Renounce Religion, Evoke Blink, Heroism, Finesse


You were on level 5 of the Realm of Zot.
You worshipped Okawaru.
Okawaru was greatly pleased with you.
You visited 10 branches of the dungeon, and saw 48 of its levels.

You collected 8494 gold pieces.
You spent 3199 gold pieces at shops.

Inventory:

Hand Weapons
 a - the +5 triple crossbow of Tenacity (weapon) {vorpal, +Blink rN+}
   (Okawaru gifted it to you on level 4 of the Vaults)

   Any ammunition fired from it inflicts extra damage upon your enemies.
   rN:        It protects you from negative energy.
   +Blink:    It lets you blink.
 d - the +1 longbow "Oraabi" {flame, Will+ Dex+4}
   (You took it off a vault guard on level 5 of the Vaults)

   Any ammunition fired from it burns those it strikes, dealing additional fire
   damage.
   Dex:       It affects your dexterity (+4).
   Will:      It increases your willpower.
 J - a +9 arbalest of flaming
Missiles
 f - 21 atropa-tipped darts
 k - 32 poisoned darts
 E - a throwing net
 L - 9 curare-tipped darts
 O - 8 silver javelins
Armour
 h - the +0 pair of gloves "Cutor" (worn) {Slay+3}
   (You acquired it on level 1 of the Lair of Beasts)

   Slay:      It affects your accuracy & damage with ranged weapons and melee
   (+3).
 q - the +1 cloak of Starlight (worn) {*Dazzle EV+4 Stlth--}
   (You found it on level 5 of the Vaults)

   It may blind those who miss an attack against the wearer in melee combat.
   EV:        It affects your evasion (+4).
   Stlth:     It makes you much less stealthy.
 H - the +1 plate armour "Zilov" (worn) {rN++ Dex+5}
   (You took it off a rakshasa on level 3 of the Depths)

   Dex:       It affects your dexterity (+5).
   rN:        It greatly protects you from negative energy.
 K - the +2 pair of boots "Tod Anwi" (worn) {Drain rElec rN+}
   (You found it on level 3 of the Elven Halls)

   rElec:     It insulates you from electricity.
   rN:        It protects you from negative energy.
   Drain:     It drains your maximum health when unequipped.
 Y - the +2 hat of Kytie (worn) {Harm rPois rC+ Int+4}
   (Okawaru gifted it to you on level 3 of the Vaults)

   Int:       It affects your intelligence (+4).
   rC:        It protects you from cold.
   rPois:     It protects you from poison.
   Harm:      It increases damage dealt and taken.
Jewellery
 i - an amulet of faith
 l - an amulet of reflection
 p - the ring "Gelidghy" (left hand) {rF+ SInv}
   (You took it off a vault guard on level 5 of the Vaults)

   [ring of see invisible]

   rF:        It protects you from fire.
   SInv:      It lets you see invisible.
 s - an amulet of regeneration
 t - the ring of Joolilufio (right hand) {*Slow rN+ Will+ Str+4 Dex+2}
   (You acquired it on level 2 of the Swamp)

   [ring of willpower]

   Str:       It affects your strength (+4).
   Dex:       It affects your dexterity (+2).
   rN:        It protects you from negative energy.
   *Slow:     It may slow you when you take damage.
   Will:      It increases your willpower.
 P - a ring of flight
 R - the ring "Poasa" {Wiz rPois Will+}
   (You found it on level 12 of the Dungeon)

   [ring of wizardry]

   It improves your spell success rate.
   rPois:     It protects you from poison.
   Will:      It increases your willpower.
 Z - the necklace of Bloodlust (around neck) {*Rage Will++ Int-3 Slay+6}
   (You took it off a deep elf sorcerer on level 3 of the Elven Halls)

   [amulet of nothing]

   It extends the wearer's berserk rage when killing foes.
   Int:       It affects your intelligence (-3).
   Slay:      It affects your accuracy & damage with ranged weapons and melee
   (+6).
   *Rage:     It berserks you when you make melee attacks (+50% chance).
   Will:      It greatly increases your willpower.
Wands
 e - a wand of iceblast (53)
 j - a wand of quicksilver (8)
 v - a wand of mindburst (24)
 y - a wand of paralysis (46)
 G - a wand of flame (73)
 T - a wand of polymorph (6)
 V - a wand of digging (22)
Scrolls
 b - 13 scrolls of immolation
 m - 6 scrolls of enchant armour
 n - a scroll of silence
 u - 11 scrolls of enchant weapon
 x - 10 scrolls of magic mapping
 A - 8 scrolls of fog
 B - 10 scrolls of poison
 C - 2 scrolls of brand weapon
 D - 9 scrolls of fear
 M - 23 scrolls of teleportation
 U - a scroll of blinking
Potions
 c - 4 potions of ambrosia
 g - 6 potions of brilliance
 o - 13 potions of flight
 r - 5 potions of cancellation
 w - 6 potions of invisibility
 z - 3 potions of mutation
 F - 9 potions of might
 I - 16 potions of curing
 N - 3 potions of resistance
 Q - 3 potions of berserk rage
 S - 12 potions of lignification
 W - 9 potions of haste


   Skills:
 O Level 27 Fighting
 O Level 27 Ranged Weapons
 + Level 26.7(27) Armour
 O Level 27 Dodging
 - Level 0.7(5.7) Stealth
 - Level 10.0 Invocations


You had 25 spell levels left.
You didn't know any spells.
Your spell library contained the following spells:

 Spells                   Type           Power      Damage    Failure   Level
 Apportation              Tloc           0%         N/A       88%         1
 Magic Dart               Conj           0%         1d3       88%         1
 Shock                    Conj/Air       0%         1d3       88%         1
 Sting                    Tmut/Pois      0%         1d3       88%         1
 Blink                    Tloc           0%         N/A       96%         2
 Ensorcelled Hibernation  Hex/Ice        0%         N/A       96%         2
 Passwall                 Tmut/Erth      0%         N/A       96%         2
 Poisonous Vapours        Pois/Air       0%         N/A       96%         2
 Scorch                   Fire           0%         2d5       96%         2
 Searing Ray              Conj           0%         2d4       96%         2
 Static Discharge         Conj/Air       0%         3-3/arc   96%         2
 Sublimation of Blood     Necr           0%         N/A       96%         2
 Confusing Touch          Hex            0%         N/A       99%         3
 Conjure Flame            Conj/Fire      0%         6-21      99%         3
 Gell's Gravitas          Tloc           0%         N/A       99%         3
 Ignite Poison            Fire/Tmut/Pois 0%         N/A       99%         3
 Lesser Beckoning         Tloc           0%         N/A       99%         3
 Mephitic Cloud           Conj/Pois/Air  0%         N/A       99%         3
 Portal Projectile        Hex/Tloc       0%         N/A       99%         3
 Swiftness                Air            0%         N/A       99%         3
 Teleport Other           Tloc           0%         N/A       99%         3
 Airstrike                Air            0%         2d(0-16)  100%        4
 Anguish                  Hex/Necr       0%         N/A       100%        4
 Cause Fear               Hex            0%         N/A       100%        4
 Corpse Rot               Necr/Pois/Air  0%         N/A       100%        4
 Dispel Undead            Necr           0%         3d6       100%        4
 Flame Wave               Conj/Fire      0%         2d4       100%        4
 Fulminant Prism          Conj/Hex       0%         3d6       100%        4
 Hailstorm                Conj/Ice       0%         3d3       100%        4
 Ice Form                 Ice/Tmut       0%         N/A       100%        4
 Iskenderun's Mystic Bla  Conj/Tloc      0%         2d3       100%        4
 Olgreb's Toxic Radiance  Pois           0%         N/A       100%        4
 Passage of Golubria      Tloc           0%         N/A       100%        4
 Petrify                  Tmut/Erth      0%         N/A       100%        4
 Sticky Flame             Conj/Fire      0%         2d3       100%        4
 Alistair's Intoxication  Tmut/Pois      0%         N/A       100%        5
 Blade Hands              Tmut           0%         N/A       100%        5
 Borgnjor's Vile Clutch   Necr/Erth      0%         N/A       100%        5
 Fireball                 Conj/Fire      0%         3d3       100%        5
 Freezing Cloud           Conj/Ice/Air   0%         6-21      100%        5
 Irradiate                Conj/Tmut      0%         3d11      100%        5
 Iskenderun's Battlesphe  Conj           0%         2d6       100%        5
 Lee's Rapid Deconstruct  Erth           0%         3d5*      100%        5
 Lightning Bolt           Conj/Air       0%         1d11      100%        5
 Manifold Assault         Tloc           0%         N/A       100%        5
 Metabolic Englaciation   Hex/Ice        0%         N/A       100%        5
 Silence                  Hex/Air        0%         N/A       100%        5
 Yara's Violent Unravell  Hex/Tmut       0%         3d3       100%        5
 Conjure Ball Lightning   Conj/Air       0%         3x3d6     100%        6
 Dispersal                Tloc           0%         N/A       100%        6
 Eringya's Noxious Bog    Tmut/Pois      0%         N/A       100%        6
 Iron Shot                Conj/Erth      0%         9d1       100%        6
 Statue Form              Tmut/Erth      0%         N/A       100%        6
 Dragon Form              Tmut           0%         N/A       100%        7
 Enfeeble                 Hex            0%         N/A       100%        7
 Orb of Destruction       Conj           0%         9d5       100%        7
 Ozocubu's Refrigeration  Ice            0%         4d7       100%        7
 Lehudib's Crystal Spear  Conj/Erth      0%         10d2      100%        8
 Summon Guardian Golem    Hex/Summ       Unusable   N/A       N/A         3
 Tukima's Dance           Hex            Unusable   N/A       N/A         3
 Animate Armour           Summ/Erth      Unusable   N/A       N/A         4
 Animate Dead             Necr           Unusable   N/A       N/A         4
 Summon Lightning Spire   Summ/Air       Unusable   N/A       N/A         4
 Summon Forest            Summ/Tloc      Unusable   N/A       N/A         5
 Death Channel            Necr           Unusable   N/A       N/A         6
 Simulacrum               Ice/Necr       Unusable   N/A       N/A         6
 Summon Cactus Giant      Summ           Unusable   N/A       N/A         6
 Haunt                    Necr/Summ      Unusable   N/A       N/A         7
 Spellforged Servitor     Conj/Summ      Unusable   N/A       N/A         7
 Summon Hydra             Summ           Unusable   N/A       N/A         7
 Infestation              Necr           Unusable   N/A       N/A         8
 Dragon's Call            Summ           Unusable   N/A       N/A         9

Dungeon Overview and Level Annotations

Branches:
Dungeon (15/15)            Temple (1/1) D:4            Lair (5/5) D:10
  Swamp (4/4) Lair:2        Snake (4/4) Lair:2        Slime (0/5) Lair:5
    Orc (2/2) D:9             Elf (3/3) Orc:2        Vaults (5/5) D:13
  Crypt (0/3) Vaults:3     Depths (4/4) D:15            Zot (5/5) Depths:4

Altars:
Ashenzari
Cheibriados
Dithmenos
Elyvilon
Fedhas
Gozag
Hepliaklqana
Kikubaaqudgha
Makhleb
Nemelex Xobeh
Okawaru
Qazlal
Ru
Sif Muna
Trog
Uskayaw
Vehumet
Wu Jian
Xom
Yredelemnul
Zin
The Shining One
Jiyva

Shops:
D:9 *   Orc:1 *   Orc:2 [[(=   Elf:1 ?   Snake:4 (?[   Vaults:1 [   Vaults:4 ?
Depths:1 *   Depths:4 [(

Portals:
Hell: Depths:1 Depths:2 Depths:3 Depths:4
Abyss: Depths:1 Depths:2 Depths:3 Depths:4
Pandemonium: Depths:1 Depths:2
Ziggurat: Depths:2
Bazaar: Elf:2

Annotations:
D:10 2 transporters
Elf:2 1 runed translucent door, Puq Cuid's ghost, adept KoAK
Vaults:3 2 transporters
Zot:3 1 transporter


Innate Abilities, Weirdness & Mutations

You have a pair of horns on your head.
You reflexively headbutt those who attack you in melee.
You sometimes lose your temper in combat.
Armour fits poorly on your strangely shaped body.
Your body often deteriorates upon taking damage.
You are frail. (-10% HP)
Your magical capacity is low. (-10% MP)
You occasionally lose the ability to read scrolls when taking damage.


Message History

Okay, then.
Aiming: Iceblast
Press: ? - help, Shift-Dir - straight line, f/p - orb of fire
Aim: an orb of fire (poison gas, severely damaged)
The mass of ice explodes!
The iceblast engulfs the orb of fire!
The orb of fire partially resists.
The orb of fire is almost destroyed.
The orb of fire glows bright magenta.
The bolt of fire misses you.
Aiming: Iceblast
Press: ? - help, Shift-Dir - straight line, f/p - orb of fire
Aim: an orb of fire (poison gas, almost destroyed)
Okay, then.
Fire: a) +5 triple crossbow of Tenacity {vorpal, +Blink rN+}
Press: ? - help, Q - select action, (/) - cycle Shift-Dir - straight line, f/p - orb of fire
Aim: an orb of fire (poison gas, almost destroyed, 69% to hit)
You shoot a bolt.
The bolt closely misses the orb of fire.
Fire: a) +5 triple crossbow of Tenacity {vorpal, +Blink rN+}
Press: ? - help, Q - select action, (/) - cycle Shift-Dir - straight line, f/p - orb of fire
Aim: an orb of fire (poison gas, almost destroyed, 69% to hit)
You shoot a bolt. The bolt misses the orb of fire.
The orb of fire glows yellow.
The bolt of fire misses you.
Fire: a) +5 triple crossbow of Tenacity {vorpal, +Blink rN+}
Press: ? - help, Q - select action, (/) - cycle Shift-Dir - straight line, f/p - orb of fire
Aim: an orb of fire (poison gas, almost destroyed, 69% to hit)
You shoot a bolt.
The bolt closely misses the orb of fire.
The orb of fire glows yellow.
Strange energies course through your body.
You feel frail.
Fire: a) +5 triple crossbow of Tenacity {vorpal, +Blink rN+}
Press: ? - help, Q - select action, (/) - cycle Shift-Dir - straight line, f/p - orb of fire
Aim: an orb of fire (poison gas, almost destroyed, 69% to hit)
You shoot a bolt. The bolt hits the orb of fire.
The orb of fire is almost destroyed.
The orb of fire glows bright magenta.
The fireball explodes!
The fireball engulfs you!!
You die...

**,,^,,,,,, ,***
**,,,.^##▓▓▓▓▓▓▓▓▓▓▓#
**,,,,.°....°☼.☼☼°^..###
**,,,,,.°☼..°.○...##....##
**,,,,,,.§○○○.°..^○.###...######
*,,,,,,,.○°°..°☼°☼☼○.###........
*,,,),,,..☼°☼).§°.☼○○# ##.......
*,,,,,,,.°☼☼°§○§°°§.§# #.......
*,,,,,,,..☼°.○*@.☼.§°# ##......
*,,,^,,,..○.°°^§☼.§..# #......
*,,,,,,,.^......^....# ##.)....
**,,,,,,............## #.......
**,,,,,...........## ##.......
**,,,,..........## #........
*****########### ########[
######## #...#. #......# #...#.


You could see an orb of fire.

Vanquished Creatures
  A dread lich (Zot:5)
  An ancient lich (Vaults:5)
  An orb of fire (Zot:5)
  A juggernaut (Depths:2)
  Sojobo (Depths:1)
  Boris (twice) (Vaults:3 Depths:1)
  7 Killer Klowns (Zot:5)
  Parghit (Zot:2)
  4 curse toes
  12 golden dragons
  Nikola (Depths:1)
  the Enchantress (Depths:1)
  4 electric golems
  2 bone dragons (Zot:4)
  30 tentacled monstrosities
  25 Orb Guardians (Zot:5)
  A lich (Depths:2)
  2 walking divine tomes
  A walking frostbound tome (Depths:3)
  6 titans
  4 quicksilver dragons
  2 deep elf blademasters (Elf:3)
  A walking earthen tome (Depths:1)
  2 deep elf master archers (Elf:3)
  Agnes (D:15)
  9 sphinxes
  The ghost of mikeweasel the Warrior, an adept MiFi of Jiyva (Snake:3)
  2 thorn hunters
  16 death cobs
  10 shadow dragons
  7 draconian monks
  7 nagarajas
  Kirke (Elf:1)
  10 tengu reavers
  Roxanne (Elf:1)
  12 storm dragons
  A fenstrider witch (Swamp:3)
  7 deep elf sorcerers
  8 draconian scorchers
  4 draconian knights
  10 vault wardens
  3 iron dragons (Vaults:5)
  2 orc warlords
  A ghost moth (Zot:5)
  11 fire giants
  Aizul (Snake:4)
  5 draconian shifters
  An emperor scorpion (D:15)
  5 draconian stormcallers
  6 frost giants
  A balrug (Depths:1)
  6 deep elf elementalists
  31 very ugly things
  29 ironbound preservers
  3 spriggan defenders (Depths:1)
  A ghoul (Vaults:3)
  5 draconian annihilators
  5 war gargoyles
  4 vampire knights
  17 stone giants
  7 ironbound thunderhulks
  An entropy weaver (shapeshifter) (Vaults:5)
  6 eleionomae
  9 green draconians
  7 yellow draconians
  16 black draconians
  5 spark wasps
  9 deep elf demonologists
  8 dire elephants (Vaults:2)
  4 bunyips
  6 deep elf annihilators
  11 white draconians
  3 red draconians
  The ghost of lilitu the Fighter, a journeyman MiFi of Okawaru (Lair:3)
  A bunyip (shapeshifter) (D:15)
  9 purple draconians
  7 deep elf death magi
  9 ettins
  15 yaktaur captains
  5 deep elf high priests
  16 fire dragons
  Snorg (D:13)
  3 crystal guardians
  A great orb of eyes (shapeshifter) (Depths:3)
  The ghost of SirLogeyBear the Cleaver, a journeyman HOBe of Trog (D:10)
  2 great orbs of eyes
  4 rakshasas
  35 vault guards
  4 boulder beetles
  A catoblepas (Lair:1)
  5 spriggan air magi
  Fannar (Lair:2)
  3 peacekeepers
  6 ogre magi
  27 hydras
  4 salamander tyrants (Snake:4)
  3 ghost crabs
  11 ice dragons
  9 ironbound frosthearts
  5 anacondas
  An anaconda (shapeshifter) (Vaults:5)
  7 two-headed ogres
  9 alligators
  15 naga warriors
  10 centaur warriors
  3 death yaks (Lair:3)
  A satyr (shapeshifter) (Vaults:1)
  9 tengu warriors
  An orc high priest (Orc:2)
  7 deep troll shamans
  8 naga sharpshooters
  25 dancing weapons
  4 vampire magi
  Sonja (Lair:3)
  4 deep troll earth magi
  Nergalle (Lair:3)
  8 spriggan berserkers
  10 shock serpents
  5 hell knights (Depths:2)
  21 deep elf knights
  2 sun demons
  A fire crab (Swamp:4)
  7 iron trolls
  5 soul eaters
  A golden dragon zombie (Zot:4)
  8 goliath frogs
  A goliath frog (shapeshifter) (Vaults:3)
  3 salamander mystics (Snake:4)
  2 death drakes (Zot:4)
  86 deep trolls
  A flayed ghost (Depths:3)
  9 naga ritualists
  9 swamp dragons
  5 bog bodies
  11 ironbound convokers
  A death drake (shapeshifter) (Depths:3)
  3 glowing orange brains
  A spriggan druid (Swamp:1)
  2 phantasmal warriors (Depths:2)
  14 lindwurms
  6 wizards
  42 deep elf pyromancers
  31 deep elf zephyrmancers
  A lindwurm (shapeshifter) (Elf:2)
  20 deep elf archers
  4 harpies (D:14)
  A harpy (shapeshifter) (D:10)
  6 necromancers
  A sphinx zombie (Vaults:2)
  2 wolf spiders (Lair:5)
  7 orc knights
  A frost giant zombie (Depths:2)
  6 orc sorcerers
  A fire giant zombie (Depths:2)
  4 mana vipers
  A draconian zombie (Zot:4)
  58 ugly things
  A stone giant zombie (Vaults:2)
  4 manticores
  31 moths of wrath
  8 cyclopes
  6 salamanders
  4 will-o-the-wisps
  A shining eye (shapeshifter) (Depths:2)
  9 elephants (Lair:5)
  A sphinx skeleton (Vaults:2)
  2 stone giant skeletons
  44 black mambas
  16 naga magi
  A smoke demon (Depths:1)
  14 vault sentinels
  3 guardian serpents
  6 gargoyles
  18 cane toads
  2 human skeletons
  A water nymph (shapeshifter) (Vaults:5)
  4 rime drakes
  An unseen horror (D:11)
  4 efreet
  26 yaktaurs
  6 tengu conjurers
  11 komodo dragons
  4 freezing wraiths
  A yaktaur (shapeshifter) (Vaults:5)
  A red devil (D:15)
  4 trolls
  A bloated husk (Swamp:1)
  11 hornets
  4 polar bears
  8 tyrant leeches
  18 blink frogs
  44 slime creatures
  19 dream sheep
  3 elf zombies
  Sigmund (D:2)
  A jumping spider (shapeshifter) (Vaults:5)
  9 spriggans
  2 vampires
  8 air elementals
  A culicivora (shapeshifter) (Depths:2)
  A shadow (D:12)
  2 wraiths
  A spriggan (shapeshifter) (D:15)
  5 hogs (Elf:1)
  2 ettin skeletons (Vaults:2)
  66 yaks
  6 water elementals
  A human (Elf:1)
  13 wyverns
  5 fire elementals
  Eustachio (D:4)
  4 basilisks
  A basilisk (shapeshifter) (D:13)
  A redback (Lair:5)
  2 fire bats (Lair:4)
  8 steam dragons
  A spriggan simulacrum (Depths:2)
  5 neqoxecs
  Menkaure (D:6)
  A yaktaur simulacrum (Vaults:4)
  A warg (Orc:1)
  18 vampire mosquitoes
  2 glowing shapeshifter zombies
  16 swamp worms
  57 nagas
  8 acid dragons
  A glowing shapeshifter skeleton (Vaults:2)
  A water moccasin (shapeshifter) (D:10)
  Duvessa (D:4)
  24 water moccasins
  A floating eye (shapeshifter) (Vaults:5)
  22 orc warriors
  A deep troll simulacrum (Vaults:4)
  4 black bears
  A sky beast (D:8)
  13 swamp drakes
  A tengu (shapeshifter) (D:10)
  10 ogres
  3 boggarts (Vaults:2)
  11 wolves (Lair:2)
  13 centaurs
  An elf simulacrum (Vaults:4)
  3 phantoms
  A kobold brigand (D:9)
  9 bullfrogs
  A necrophage (D:4)
  5 scorpions
  A glowing shapeshifter simulacrum (Vaults:4)
  2 gnoll sergeants
  3 earth elementals
  Dowan (D:4)
  6 killer bees (D:9)
  5 howler monkeys
  2 electric eels
  5 jellies
  A lava snake (Swamp:4)
  19 orc priests
  3 hounds
  A jelly (shapeshifter) (D:10)
  Crazy Yiuf (D:7)
  A gnoll bouda (Orc:1)
  Ijyb (D:4)
  5 iguanas
  40 orc wizards
  Robin (D:2)
  15 gnolls
  8 adders
  5 shadow imps
  4 white imps
  An ufetubus (D:6)
  A worm (D:4)
  2 dart slugs
  56 orcs
  15 ball pythons
  5 bats
  11 endoplasms
  4 giant cockroaches
  17 goblins
  10 hobgoblins
  7 jackals
  17 kobolds
  2 quokkas (D:4)
  2 frilled lizards
  6 rats
2158 creatures vanquished.

Vanquished Creatures (others)
  A deep troll (Vaults:2)
  A vampire (D:9)
  2 swamp drakes (Swamp:4)
  An endoplasm (D:4)
  3 demonic plants (D:15)
  20 foxfires
  68 fungi
  154 plants
250 creatures vanquished.

Grand Total: 2408 creatures vanquished

Notes
Turn   | Place    | Note
-------+----------+-------------------------------------------
     0 | D:1      | cheesebisquit the Minotaur Hunter began the quest for the
                  | Orb.
     0 | D:1      | Reached XP level 1. HP: 18/18 MP: 0/0
   176 | D:1      | Reached XP level 2. HP: 25/25 MP: 1/1
   199 | D:1      | Reached skill level 5 in Ranged Weapons
   583 | D:1      | Reached XP level 3. HP: 30/30 MP: 2/2
   831 | D:2      | Noticed Sigmund
   845 | D:2      | Killed Sigmund
   846 | D:2      | Reached XP level 4. HP: 14/37 MP: 3/3
   846 | D:2      | Reached XP level 5. HP: 16/42 MP: 4/4
  1717 | D:3      | Noticed Robin
  1722 | D:2      | Killed Robin
  1877 | D:3      | Noticed an ogre
  1880 | D:3      | Killed an ogre
  1881 | D:3      | Reached XP level 6. HP: 50/50 MP: 5/5
  1891 | D:3      | Found a faded altar of an unknown god.
  2928 | D:4      | Found a staircase to the Ecumenical Temple.
  2937 | Temple   | Entered the Ecumenical Temple
  3252 | D:4      | Noticed Ijyb
  3255 | D:4      | Paralysed by Ijyb for 4 turns
  3270 | D:4      | Paralysed by Ijyb for 3 turns
  3274 | D:4      | Killed Ijyb
  3275 | D:4      | Reached XP level 7. HP: 49/56 MP: 6/6
  3327 | D:4      | Noticed Eustachio
  3336 | D:4      | Killed Eustachio
  3404 | D:4      | Found a glowing silver altar of Zin.
  3406 | D:4      | Found an iron altar of Okawaru.
  3413 | D:4      | Became a worshipper of Warmaster Okawaru
  3459 | D:4      | Reached skill level 10 in Ranged Weapons
  3745 | D:4      | Noticed a steam dragon
  3776 | D:4      | Killed a steam dragon
  3784 | D:4      | Reached * piety under Okawaru
  3785 | D:4      | Reached XP level 8. HP: 18/62 MP: 7/7
  4234 | D:4      | Found a sacrificial altar of Ru.
  4315 | D:4      | Noticed Duvessa
  4315 | D:4      | Noticed Dowan
  4327 | D:4      | Killed Duvessa
  4334 | D:4      | Killed Dowan
  4458 | D:5      | Entered Level 5 of the Dungeon
  5723 | D:6      | Noticed Menkaure
  5813 | D:6      | Reached ** piety under Okawaru
  5939 | D:6      | Killed Menkaure
  6215 | D:6      | Identified the +1 chain mail of Noughts and Crosses {rElec
                  | Str+3 Stlth+}
  6221 | D:6      | Noticed a troll
  6693 | D:6      | Reached XP level 9. HP: 68/68 MP: 8/8
  6907 | D:6      | Killed a troll
  7259 | D:7      | Found a radiant altar of Vehumet.
  7259 | D:7      | Found an ancient bone altar of Kikubaaqudgha.
  7460 | D:7      | Reached *** piety under Okawaru
  7667 | D:7      | Reached skill level 15 in Ranged Weapons
  7966 | D:7      | Found a runed translucent door.
  7967 | D:7      | Noticed Crazy Yiuf
  8061 | D:7      | Killed Crazy Yiuf
  8430 | D:8      | Found a white marble altar of Elyvilon.
  9215 | D:8      | Reached XP level 10. HP: 56/74 MP: 9/9
  9223 | D:8      | Reached **** piety under Okawaru
 10135 | D:9      | Found Zodo's Assorted Antiques.
 10142 | D:9      | Bought a scroll of teleportation for 75 gold pieces
 10142 | D:9      | Bought a runed robe for 92 gold pieces
 10142 | D:9      | Bought a warped leather armour for 175 gold pieces
 10142 | D:9      | Identified the +2 leather armour of Servitude {rF+ rC- rN+
                  | Str+4} (You bought it in a shop on level 9 of the Dungeon)
 10142 | D:9      | Bought a scroll of identify for 50 gold pieces
 10142 | D:9      | Bought a scroll of immolation for 100 gold pieces
 10328 | D:9      | Reached skill level 5 in Fighting
 11278 | D:9      | Paralysed by a centaur for 3 turns
 11658 | D:9      | Received a gift from Okawaru
 11940 | D:9      | Found a staircase to the Orcish Mines.
 12011 | D:9      | Found a snail-covered altar of Cheibriados.
 12653 | D:9      | Noticed a two-headed ogre
 12668 | D:9      | Killed a two-headed ogre
 12903 | D:10     | Entered Level 10 of the Dungeon
 13018 | D:10     | Noticed a gargoyle
 13025 | D:10     | Killed a gargoyle
 13048 | D:10     | Reached skill level 10 in Fighting
 13332 | D:10     | Found a bloodstained altar of Trog.
 13519 | D:10     | Noticed a deep elf pyromancer
 13540 | D:10     | Killed a deep elf pyromancer
 13686 | D:10     | Found a runed translucent gate.
 13686 | D:10     | Found a runed translucent gate.
 13686 | D:10     | Found a runed translucent gate.
 13686 | D:10     | Noticed a green ugly thing
 13686 | D:10     | Noticed a glowing orange brain
 13686 | D:10     | Noticed a green ugly thing
 13686 | D:10     | Noticed a swamp dragon
 13687 | D:10     | Noticed a cyan ugly thing
 13687 | D:10     | Noticed a purple ugly thing
 13688 | D:10     | a swamp dragon changed into a wind drake
 13787 | D:10     | Found a staircase to the Lair.
 13801 | D:10     | Reached XP level 11. HP: 100/102 MP: 8/10
 13805 | D:10     | Reached skill level 1 in Armour
 13808 | D:10     | Reached ***** piety under Okawaru
 13937 | D:10     | Reached skill level 1 in Invocations
 14216 | D:10     | Found a transporter.
 14222 | D:10     | Found a viscous altar of Jiyva.
 14223 | D:10     | Found a transporter.
 14542 | D:11     | Noticed a boulder beetle
 14542 | D:11     | Noticed a tengu warrior
 14852 | D:11     | Noticed a centaur warrior
 14859 | D:11     | Killed a centaur warrior
 15014 | D:11     | Noticed a deep elf pyromancer
 15044 | D:11     | Killed a deep elf pyromancer
 15173 | D:11     | Received a gift from Okawaru
 15280 | D:11     | Killed a boulder beetle
 15281 | D:11     | Reached skill level 5 in Armour
 15281 | D:11     | Reached skill level 5 in Dodging
 15414 | D:11     | Noticed a six-headed hydra
 15466 | D:11     | Identified the +2 rapier of Indomitability {spect, *Rage
                  | rC+ Will+ rCorr}
 15542 | D:11     | Identified the +10 rapier of Destiny {freeze, Str+4}
 15977 | D:11     | Killed a six-headed hydra
 15997 | D:11     | Reached XP level 12. HP: 108/113 MP: 7/14
 16503 | D:11     | Killed a tengu warrior
 17486 | D:12     | Noticed a two-headed ogre
 17490 | D:12     | Killed a two-headed ogre
 17490 | D:12     | Received a gift from Okawaru
 17983 | D:12     | Identified the ring "Poasa" {Wiz rPois Will+}
 18575 | Lair:1   | Entered Level 1 of the Lair of Beasts
 18578 | Lair:1   | Noticed an eight-headed hydra
 18583 | Lair:1   | Killed an eight-headed hydra
 18776 | Lair:1   | Noticed a catoblepas
 18797 | Lair:1   | Killed a catoblepas
 18798 | Lair:1   | Reached skill level 5 in Invocations
 19142 | Lair:1   | Identified a scroll of acquirement
 19143 | Lair:1   | Acquired the +0 pair of gloves "Cutor" {Slay+3}
 19600 | Lair:1   | Received a gift from Okawaru
 20331 | Lair:2   | Found a staircase to the Swamp.
 20336 | Lair:2   | Found a staircase to the Snake Pit.
 20344 | Lair:2   | Reached XP level 13. HP: 122/122 MP: 16/16
 20567 | Lair:2   | Noticed Fannar
 20574 | Lair:2   | Killed Fannar
 21148 | Lair:2   | Reached skill level 10 in Armour
 21322 | Lair:3   | Noticed lilitu's ghost (journeyman MiFi)
 21322 | Lair:3   | Found a runed translucent door.
 21341 | Lair:3   | Noticed Nergalle
 21352 | Lair:3   | Killed Nergalle
 21752 | Lair:3   | Identified the -1 hat "Dole" {+Blink rPois rC+} (Okawaru
                  | gifted it to you on level 3 of the Lair of Beasts)
 21752 | Lair:3   | Received a gift from Okawaru
 21930 | Lair:3   | Noticed Sonja
 21953 | Lair:3   | Killed Sonja
 22001 | Lair:3   | Identified the +1 robe "Masagrur" {rElec Str+5 Dex+2}
 22574 | D:10     | Found a runed translucent gate.
 22574 | D:10     | Found a runed translucent gate.
 22590 | D:10     | Found a runed translucent gate.
 22593 | D:10     | Noticed SirLogeyBear's ghost (journeyman HOBe)
 22616 | D:10     | Killed SirLogeyBear's ghost
 22797 | Lair:3   | Killed lilitu's ghost
 22946 | Lair:4   | You fall into a shaft and drop 1 floor!
 22946 | Lair:5   | Entered Level 5 of the Lair of Beasts
 22946 | Lair:5   | Found a staircase to the Slime Pits.
 22961 | Lair:5   | Reached XP level 14. HP: 113/129 MP: 19/19
 23570 | Lair:4   | Identified the +1 plate armour of Knowledge {rPois rF+++
                  | Int-5 Stlth-}
 23637 | Lair:4   | Identified the +0 pair of gloves of Gallantry {rN+ Will+
                  | Str+4}
 25244 | Lair:5   | Reached skill level 10 in Invocations
 25796 | Lair:5   | Identified the +5 morningstar of Floods {vorpal, rN+}
 25829 | Lair:5   | Reached skill level 15 in Fighting
 25829 | Lair:5   | Reached skill level 10 in Dodging
 26287 | Lair:5   | Received a gift from Okawaru
 26769 | Orc:1    | Entered Level 1 of the Orcish Mines
 26787 | Orc:1    | Reached XP level 15. HP: 143/143 MP: 14/21
 26797 | Orc:1    | Identified the +0 pair of gloves "Bokke" {Harm rF+}
                  | (Okawaru gifted it to you on level 1 of the Orcish Mines)
 26797 | Orc:1    | Received a gift from Okawaru
 27387 | Orc:1    | Found Aleih's Assorted Antiques.
 27589 | Orc:2    | Entered Level 2 of the Orcish Mines
 28727 | Orc:2    | Found a staircase to the Elven Halls.
 29241 | Orc:2    | Found Haobepe's Jewellery Shoppe.
 29241 | Orc:2    | Found Sotwyr's Armour Emporium.
 29242 | Orc:2    | Found Ristrujeu's Armour Emporium.
 29249 | Orc:2    | Found Wetul's Antique Weapon Shoppe.
 29256 | Orc:2    | Bought the +6 ring mail of Buigg {rElec Dex+2} for 626 gold
                  | pieces
 30036 | Orc:2    | Bought an amulet of regeneration for 360 gold pieces
 30370 | D:13     | Noticed Snorg
 30376 | D:13     | Killed Snorg
 30843 | D:13     | Found a gate to the Vaults.
 31961 | D:14     | Got the Compendium of the Wilderness
 32332 | D:14     | Found a shadowy altar of Dithmenos.
 32793 | D:15     | Entered Level 15 of the Dungeon
 33051 | D:15     | Noticed Agnes
 33060 | D:15     | Killed Agnes
 33307 | D:15     | Reached XP level 16. HP: 157/157 MP: 14/22
 33503 | D:15     | Received a gift from Okawaru
 33813 | D:15     | Found a staircase to the Depths.
 34173 | Snake:1  | Entered Level 1 of the Snake Pit
 34244 | Snake:1  | Identified the +3 sling "Afustid" {vorpal, rN+ rCorr Int-4
                  | Dex+4}
 36514 | Snake:3  | Received a gift from Okawaru
 36604 | Snake:3  | Reached skill level 15 in Dodging
 36732 | Snake:3  | Found a large runed translucent door.
 36732 | Snake:3  | Found a large runed translucent door.
 36736 | Snake:3  | Noticed mikeweasel's ghost (adept MiFi)
 36939 | Snake:3  | Identified the +8 chain mail of the Yeti {-Tele Harm Str+3
                  | Int+5}
 37477 | Snake:4  | Entered Level 4 of the Snake Pit
 37801 | Snake:4  | Reached XP level 17. HP: 168/168 MP: 23/23
 37902 | Snake:4  | Found Otesymm's Magic Scroll Shop.
 37925 | Snake:4  | Bought a scroll of fog for 72 gold pieces
 37925 | Snake:4  | Bought a scroll of teleportation for 54 gold pieces
 37925 | Snake:4  | Bought a scroll of fear for 72 gold pieces
 37925 | Snake:4  | Bought a scroll of teleportation for 54 gold pieces
 37965 | Snake:4  | Found Reasym's Armour Emporium.
 38019 | Snake:4  | Identified the +1 cloak of the Cicada {rF- rCorr Int+7}
                  | (Okawaru gifted it to you on level 4 of the Snake Pit)
 38019 | Snake:4  | Received a gift from Okawaru
 38203 | Snake:4  | Noticed Aizul
 38213 | Snake:4  | Killed Aizul
 38572 | Snake:4  | Got a serpentine rune of Zot
 39250 | Snake:4  | Found Lyetaf's Weapon Shoppe.
 39634 | Swamp:1  | Entered Level 1 of the Swamp
 40484 | Swamp:2  | Identified the +5 ring mail "Lopli" {Rampage SInv Stlth+}
 40570 | Swamp:2  | Acquired the ring of Joolilufio {*Slow rN+ Will+ Str+4
                  | Dex+2}
 41727 | Swamp:3  | Reached XP level 18. HP: 180/180 MP: 24/24
 42330 | Swamp:4  | Entered Level 4 of the Swamp
 43226 | Swamp:4  | Identified the +6 scale mail of Card Tricks {rPois MP+9
                  | Dex-2 Stlth-}
 43483 | Swamp:4  | Got a decaying rune of Zot
 43753 | Vaults:1 | Entered Level 1 of the Vaults
 44892 | Vaults:1 | Received a gift from Okawaru
 45452 | Vaults:1 | Found Fiastru's Antique Armour Emporium.
 45460 | Vaults:1 | Bought a runed scale mail for 273 gold pieces
 45825 | Vaults:1 | Reached XP level 19. HP: 117/191 MP: 17/25
 48105 | Vaults:3 | Noticed Boris
 48110 | Vaults:3 | Killed Boris
 48211 | Vaults:3 | Identified the +2 hat of Kytie {Harm rPois rC+ Int+4}
                  | (Okawaru gifted it to you on level 3 of the Vaults)
 48211 | Vaults:3 | Received a gift from Okawaru
 48468 | Vaults:3 | Found a staircase to the Crypt.
 48521 | Vaults:3 | Identified the +8 broad axe "Impslayer" {elec, rPois Will-
                  | Int+3}
 48646 | Vaults:3 | Reached XP level 20. HP: 204/204 MP: 26/26
 48971 | Vaults:3 | Identified the ring "Raqyofej" {rElec rC- rCorr Str+3
                  | Stlth+}
 48971 | Vaults:3 | Identified the +9 battleaxe of Naeraw {flame, Will+}
 48988 | Vaults:3 | Found a transporter.
 49005 | Vaults:3 | Found a transporter.
 50042 | Vaults:4 | Found Opoof's Magic Scroll Shoppe.
 50050 | Vaults:4 | Bought a scroll of teleportation for 57 gold pieces
 50050 | Vaults:4 | Bought 2 scrolls of poison for 152 gold pieces
 50050 | Vaults:4 | Bought a scroll of teleportation for 57 gold pieces
 50392 | Vaults:4 | Identified the +5 triple crossbow of Tenacity {vorpal,
                  | +Blink rN+} (Okawaru gifted it to you on level 4 of the
                  | Vaults)
 50392 | Vaults:4 | Received a gift from Okawaru
 51027 | Elf:1    | Entered Level 1 of the Elven Halls
 51389 | Elf:1    | Noticed Kirke
 51410 | Elf:1    | Killed Kirke
 51496 | Elf:1    | Found Feisku Lowu's Magic Scroll Shop.
 51542 | Elf:1    | Bought 3 scrolls of teleportation for 90 gold pieces
 51542 | Elf:1    | Bought a scroll of acquirement for 520 gold pieces
 51542 | Elf:1    | Bought a scroll of teleportation for 30 gold pieces
 51547 | Elf:1    | Acquired a manual of Shields
 51789 | Elf:1    | Got Juzxem's Compilation of Flaming Wicked Rituals
 52136 | Elf:1    | Noticed Roxanne
 52140 | Elf:1    | Killed Roxanne
 52363 | Elf:2    | Found a runed translucent door.
 52364 | Elf:2    | Noticed Puq Cuid's ghost (adept KoAK)
 52388 | Elf:2    | Found a gateway to a bazaar.
 52426 | Elf:2    | Received a gift from Okawaru
 52740 | Elf:2    | Identified the +5 ring mail of Cecam Ytuh {rElec rC- Str+8
                  | Stlth-} (Okawaru gifted it to you on level 2 of the Elven
                  | Halls)
 52740 | Elf:2    | Received a gift from Okawaru
 52771 | Elf:2    | Reached XP level 21. HP: 214/214 MP: 27/27
 53023 | Elf:2    | Found a runed translucent gate.
 53024 | Elf:2    | Found a runed translucent gate.
 53024 | Elf:2    | Found a runed translucent gate.
 53947 | Elf:3    | Entered Level 3 of the Elven Halls
 54424 | Elf:3    | Identified the +6 battleaxe "Pirun" {elec, Contam Str+2
                  | Dex+5}
 54534 | Elf:3    | Identified the ring "Soekk" {rPois Int+6}
 54907 | Elf:3    | Identified the +2 pair of boots "Tod Anwi" {Drain rElec
                  | rN+}
 54925 | Elf:3    | Identified the +2 pair of boots of the Toothy God {rC+}
                  | (Okawaru gifted it to you on level 3 of the Elven Halls)
 54925 | Elf:3    | Received a gift from Okawaru
 54967 | Elf:3    | Identified the +4 spear of Makhleb's Favour {vorpal, SInv}
 54971 | Elf:3    | Identified the +7 broad axe "Semowiw" {drain, rN+ MP+9
                  | Str+3 Dex-4}
 56119 | Depths:1 | Entered Level 1 of the Depths
 56132 | Depths:1 | Noticed Sojobo
 56152 | Depths:1 | Paralysed by an air elemental for 1 turns
 56161 | Depths:1 | Killed Sojobo
 56410 | Depths:1 | Noticed Nikola
 56417 | Depths:1 | Killed Nikola
 56480 | Depths:1 | Found a one-way gate to the infinite horrors of the Abyss.
 56941 | Depths:1 | Reached skill level 15 in Armour
 56980 | Depths:1 | Found a gateway to Hell.
 57043 | Depths:1 | Noticed Boris
 57050 | Depths:1 | Killed Boris
 57051 | Depths:1 | Reached XP level 22. HP: 226/226 MP: 21/28
 57103 | Depths:1 | Found a one-way gate leading to the halls of Pandemonium.
 57123 | Depths:1 | Found a sparkling altar of Nemelex Xobeh.
 57168 | Depths:1 | Found Orarysov's General Store.
 57172 | Depths:1 | Noticed the Enchantress
 57195 | Depths:1 | Killed the Enchantress
 57238 | Depths:1 | Bought a scroll of enchant armour for 150 gold pieces
 57238 | Depths:1 | Bought a potion of lignification for 60 gold pieces
 57238 | Depths:1 | Bought a scroll of fear for 80 gold pieces
 57908 | Depths:2 | Found a one-way gateway to a ziggurat.
 59341 | Depths:2 | Noticed a juggernaut
 59346 | Depths:2 | Killed a juggernaut
 59700 | Depths:2 | Received a gift from Okawaru
 60221 | Depths:2 | Noticed a golden dragon
 60226 | Depths:2 | Killed a golden dragon
 61236 | Depths:3 | Received a gift from Okawaru
 61237 | Depths:3 | Reached XP level 23. HP: 237/237 MP: 29/29
 61792 | Depths:3 | Identified the +1 plate armour "Zilov" {rN++ Dex+5}
 61795 | Depths:3 | Identified the +3 longbow "Hepexkeu" {flame, rPois rCorr
                  | Dex-4} (Okawaru gifted it to you on level 3 of the Depths)
 61795 | Depths:3 | Received a gift from Okawaru
 62777 | Depths:4 | Entered Level 4 of the Depths
 63030 | Depths:4 | Acquired 791 gold pieces
 63142 | Depths:4 | Found a gate to the Realm of Zot.
 63683 | Depths:4 | Found a stormy altar of Qazlal.
 63767 | Depths:4 | Found Donleh's Weapon Boutique.
 63767 | Depths:4 | Found Faofesuc's Armour Shop.
 64604 | Vaults:5 | Entered Level 5 of the Vaults
 65315 | Vaults:5 | Reached skill level 27 in Fighting
 65522 | Vaults:5 | Identified the ring "Gelidghy" {rF+ SInv}
 66016 | Vaults:5 | Identified the +1 longbow "Oraabi" {flame, Will+ Dex+4}
 66017 | Vaults:5 | Reached ****** piety under Okawaru
 66189 | Vaults:5 | Noticed an ancient lich
 66193 | Vaults:5 | Killed an ancient lich
 66219 | Vaults:5 | Reached skill level 27 in Ranged Weapons
 66314 | Vaults:5 | Received a gift from Okawaru
 66342 | Vaults:5 | Reached XP level 24. HP: 245/249 MP: 29/29
 66469 | Vaults:5 | Identified the +4 short sword "Nigait" {elec, rC+}
 66708 | Vaults:5 | Identified the +8 falchion of the Big Fish {venom, Str+3
                  | Int+4}
 66708 | Vaults:5 | Identified the +1 robe of Pujiox {rC+ Regen+}
 66739 | Vaults:5 | Identified the +8 flail of the Three Invaders {spect,
                  | rPois}
 66826 | Vaults:5 | Found the +1 cloak of Starlight {*Dazzle EV+4 Stlth--}
 67595 | Vaults:5 | Received a gift from Okawaru
 67610 | Vaults:5 | Identified the +1 chain mail of Odialyon {Str+3 Int+3}
 67779 | Vaults:5 | Got a silver rune of Zot
 69330 | Snake:3  | Killed mikeweasel's ghost
 69813 | Zot:1    | Entered Level 1 of the Realm of Zot
 71444 | Zot:2    | Noticed Parghit
 72431 | Zot:2    | Killed Parghit
 72524 | Zot:2    | Reached skill level 27 in Dodging
 72537 | Zot:2    | You fall into a shaft and drop 2 floors!
 72600 | Zot:3    | Reached XP level 25. HP: 96/257 MP: 23/29
 73034 | Zot:2    | Received a gift from Okawaru
 74694 | Zot:3    | Identified the +3 arbalest of the Lettuce {vorpal, rCorr
                  | Str-5 Int+8 Stlth+}
 74736 | Zot:3    | Noticed a dread lich
 74772 | Zot:3    | Found a radiant altar of Vehumet.
 74776 | Zot:3    | Found a transporter.
 74779 | Zot:3    | Identified the ring of the Amoeba {MP+9 Dex+3 SInv}
 74781 | Zot:3    | Noticed an ancient lich
 75014 | Zot:3    | Identified the +1 hat "Matwuyle" {Str+4} (Okawaru gifted it
                  | to you on level 3 of the Realm of Zot)
 75014 | Zot:3    | Received a gift from Okawaru
 76819 | Zot:5    | Entered Level 5 of the Realm of Zot
 77499 | Zot:5    | Noticed an ancient lich
 77501 | Zot:5    | Noticed an orb of fire
 77502 | Zot:5    | Noticed an orb of fire
 77506 | Zot:5    | Gained mutation: Your body sometimes deteriorates upon
                  | taking damage. [an orb of fire]
 77510 | Zot:5    | Gained mutation: You sometimes lose your temper in combat.
                  | [an orb of fire]
 77512 | Zot:5    | Gained mutation: Your magical capacity is low. (-10% MP)
                  | [an orb of fire]
 77513 | Zot:5    | Gained mutation: Armour fits poorly on your strangely
                  | shaped body. [an orb of fire]
 77598 | Zot:5    | Noticed a Killer Klown
 77602 | Zot:5    | Killed a Killer Klown
 77621 | Zot:5    | Noticed a Killer Klown
 77625 | Zot:5    | Killed a Killer Klown
 77732 | Zot:5    | Noticed a Killer Klown
 77736 | Zot:5    | Killed a Killer Klown
 78171 | Zot:5    | Reached XP level 26. HP: 266/266 MP: 26/26
 78220 | Zot:5    | Noticed an orb of fire
 78223 | Zot:5    | Gained mutation: You occasionally lose the ability to read
                  | scrolls when taking damage. [an orb of fire]
 78970 | Zot:5    | Noticed a dread lich
 78976 | Zot:5    | Killed a dread lich
 79666 | Zot:5    | Killed an orb of fire
 79666 | Zot:5    | Gained mutation: Your body often deteriorates upon taking
                  | damage. [an orb of fire]
 79667 | Zot:5    | HP: 6/266 [orb of fire/fireball (63)]
 79672 | Zot:5    | Gained mutation: You are frail. (-10% HP) [an orb of fire]
 79673 | Zot:5    | Killed from afar by an orb of fire

Illustrated notes

Levels and vault maps discovered:
D:1:      dpeg_arrival_central, layout_basic
D:2:      layout_loops_ring, minmay_fractal_squares_gapless_5, uniq_sigmund
D:3:      layout_basic, shapermc_ecumenical_altar_starsandcircs,
          minmay_misc_feat_tiny, uniq_robin
D:4:      layout_basic, nicolae_ru_great_annihilating_truth,
          grunt_temple_overflow_open, minmay_temple_entry_waves,
          minmay_strange_pillars, nzn_random_ring, uniq_ijyb, uniq_eustachio,
          uniq_duvessa
D:5:      layout_gridville, grunt_decor_fettered, minmay_strange_pillars
D:6:      layout_rooms, uniq_menkaure
D:7:      layout_cave_pools, chequers_temple_overflow_statue_of_worship,
          uniq_crazy_yiuf_cottage
D:8:      layout_loops_corners, mainiacjoe_overflow_24_doors
D:9:      layout_cave_pods, lemuel_doored_altar, david_orc_2, serial_shops,
          shop, minivault_19, kennysheep_generic_room_2
D:10:     gammafunk_jiyva_shrine, layout_stronghold, trog_book,
          lair_entry_dummy, ploomutoo_gammafunk_ghost_potion_laboratory,
          serial_column_ruins, column_ruins_hut, column_ruins_open_tiny_water,
          column_ruins_grid_3, column_ruins_columns_straight,
          column_ruins_open_medium, column_ruins_grid_1
D:11:     cheibrodos_fzero, layout_long_grid
D:12:     layout_loops_cross
D:13:     layout_long_grid, skrybe_vaults_entry_preservation, uniq_snorg
D:14:     cheibrodos_breeding_chamber, layout_basic,
          nicolae_dithmenos_through_a_glass_darkly, hangedman_aviary
D:15:     hangedman_depths_entry_try_elsewhere_first, layout_basic,
          minivault_23, serial_demonic, serial_demonic_f, serial_demonic_c,
          serial_demonic_e, serial_demonic_c, uniq_agnes
Temple:   nicolae_temple_ecumenical_triangle
Lair:1:   layout_chaotic_city, grunt_megastairs_3, serial_bayou_shore_a,
          lemuel_fruit_tree, serial_bayou_shore_b
Lair:2:   cheibrodos_lair_overgrown_chateau, layout_misc_corridors,
          minmay_swamp_entry_wisps, guppyfry_snake_entry_island, uniq_fannar
Lair:3:   layout_chaotic_city, ebering_ghost_inner_flame, grunt_megastairs_1,
          uniq_nergalle, uniq_sonja
Lair:4:   layout_gridlike
Lair:5:   hangedman_lair_tendril_chambers, layout_loops_ring,
          guppyfry_lair_end_dragon, nicolae_slime_entry_slimehenge
Swamp:1:  layout_basic_swamp, evilmike_swamp_ruin_house_5
Swamp:2:  layout_basic_swamp, evilmike_swamp_ruin_rubble_1
Swamp:3:  layout_basic_swamp, evilmike_swamp_ruin_rubble_2, swamp_pool3
Swamp:4:  swamp_fiery, layout_basic_swamp
Snake:1:  layout_rooms
Snake:2:  layout_layer_cave, grunt_megastairs_4
Snake:3:  layout_concentric_octagons, ebering_ghost_disaster_area, drop_trap,
          nicolae_triple_integral
Snake:4:  minmay_snake_end_coiled, layout_layer_cave, serial_shops,
          nicolae_shop_advertising_works [nicolae_subvault_shop_adworks],
          shop_coins, nicolae_square_shop, uniq_aizul
Orc:1:    layout_caves, serial_shops, shop
Orc:2:    st_orc_mages, layout_caves, nicolae_orc_lost_temple
Elf:1:    minmay_elf_arrival_plus, layout_onion_city, serial_shops, shop,
          kennysheep_underground_church, uniq_kirke, uniq_roxanne
Elf:2:    nicolae_elf_blades_crystal_corner, layout_loops_corners,
          gammafunk_ghost_grave, serial_shops, bzr_entry_road
Elf:3:    grunt_elf_hall_spiral, layout_loops_corners
Vaults:1: nicolae_vaults_stairing_the_circle, nicolae_vaults_network_square,
          ontoclasm_vaults_spin, nicolae_vaults_network_s,
          hangedman_vaults_cutoff, nicolae_vaults_asterisk,
          nicolae_vaults_hallways_thing, vaults_room_pools, serial_ice_h,
          nicolae_vaults_alarming, nicolae_vaults_rhombus_7, layout_vaults_ring,
          serial_shops, shop
Vaults:2: v_misc_12, vaults_room_grunt_arrival_checkpoint, v_misc_26,
          nicolae_vaults_specimen_jars, nicolae_vaults_puzzle_piece,
          nicolae_vaults_big_ls, hangedman_vaults_hat, vaults_dpeg_encased_lava,
          vaults_mumra_lcd, layout_vaults_big_room
Vaults:3: minmay_crypt_entry_simple_sparse, hangedman_vaults_maws,
          gammafunk_the_bubble [the_bubble_gammafunk_crates],
          vaults_mumra_chevron, hangedman_vaults_corner_blocks,
          nicolae_vaults_angled_halls, hangedman_vaults_nails,
          dpeg_vaults_monster_row, v_misc_15, nicolae_vaults_little_squares_3,
          v_misc_2, v_misc_22, vaults_dpeg_diagonal, layout_vaults_big_cross,
          uniq_boris
Vaults:4: grunt_vaults_twisty, vaults_room_grid, grunt_vaults_diagonal,
          vaults_room_pools, layout_vaults_quadrants, serial_shops, shop
Vaults:5
Depths:1: layout_gridlike, abyss_entry, dreamdust_wishing_well, pan_entry,
          lightli_too_deep, nemelex_xobeh_ov_fountains_minmay,
          kennysheep_random_hallway, minmay_shop_star, uniq_enchantress,
          uniq_sojobo, uniq_nikola
Depths:2: hangedman_grunt_twisty_little_passages, layout_gridville,
          enter_ziggurat_d, hangedman_tar_grid_catacomb, abyss_entry_glasseish,
          pan_entry
Depths:3: minmay_expanding_squares, layout_gridlike, pf_hell_entry_great_geh,
          hangedman_abyss_entry_splay, lemuel_old_faithful
Depths:4: grunt_zot_entry_tricorne, layout_basic, abyss_entry_crystal,
          hell_entry, nicolae_qazlal_eye_of_the_storm, minmay_shoptagon,
          serial_bayou_shore_b
Zot:1:    kennysheep_spiral_hall, layout_misc_corridors
Zot:2:    kennysheep_ambush_hall, layout_misc_corridors, uniq_parghit
Zot:3:    gammafunk_sealed_library, layout_twisted_circle
Zot:4:    hangedman_snap_crack_crunch, layout_concentric_octagons
Zot:5:    layout_basic, grunt_ministairs_12, hangedman_zot_diagonal_lockstep

Skill      XL: |  1  2  3  4  5  6  7  8  9 10 11 12 13 14 15 16 17 18 19 20 21 22 23 24 25 26 |
---------------+-------------------------------------------------------------------------------+-----
Ranged Weapons | 5 7 8 9 11 13 16 18 19 20 21 22 24 26 27 | 27.0
Fighting       | 11 12 13 15 18 19 20 22 23 24 25 26 27 | 27.0
Armour         | 6 7 12 14 15 17 18 20 25 26 | 26.7
Dodging        | 6 7 11 14 15 16 18 19 20 21 22 24 27 | 27.0
Invocations    | 4 5 8 10 | 10.0
Stealth        | |  0.7

Action                   |  1- 3 |  4- 6 |  7- 9 | 10-12 | 13-15 | 16-18 | 19-21 | 22-24 | 25-27 || total
-------------------------+-------+-------+-------+-------+-------+-------+-------+-------+-------++-------
Melee: Unarmed           |       |       |    19 |       |       |       |       |       |       ||    19
 Fire: Shortbow          |    78 |   169 |   523 |   677 |       |       |       |       |       ||  1447
       Arbalest          |       |       |       |   162 |  1056 |  1182 |   645 |       |       ||  3045
       Triple crossbow   |       |       |       |       |       |       |   550 |  1029 |   386 ||  1965
Throw: Dart              |       |       |       |     2 |       |       |       |       |       ||     2
       Throwing net      |       |       |       |       |       |       |       |       |     1 ||     1
Invok: Heroism           |       |       |     5 |    36 |    36 |    29 |    29 |    33 |    18 ||   186
       Finesse           |       |       |       |    11 |    30 |    28 |    28 |    30 |    16 ||   143
Evoke: Wand              |       |       |       |       |       |       |       |       |     2 ||     2
  Use: Scroll            |       |     4 |    12 |    18 |    13 |     2 |     2 |    16 |     8 ||    75
       Potion            |       |     1 |     7 |     5 |     2 |     1 |     2 |    15 |     2 ||    35
Armor: Leather armour    |     9 |    39 |    13 |       |       |       |       |       |       ||    61
       Skin              |       |       |    15 |       |       |       |       |       |       ||    15
       Steam dragon scal |       |       |    46 |   121 |       |       |       |       |       ||   167
       Acid dragon scale |       |       |       |     9 |       |       |       |       |       ||     9
       Chain mail        |       |       |       |     1 |    62 |       |       |       |       ||    63
       Robe              |       |       |       |       |    21 |       |       |       |       ||    21
       Ring mail         |       |       |       |       |    53 |   111 |    75 |    12 |       ||   251
       Plate armour      |       |       |       |       |       |       |       |   100 |    48 ||   148
Dodge: Dodged            |    15 |    66 |   137 |   230 |   355 |   326 |   505 |   545 |   196 ||  2375
Block: Other             |       |     6 |    55 |    81 |    58 |       |       |       |       ||   200
       Reflection        |       |       |     2 |     7 |       |       |       |       |       ||     9
